[ AOE2 MATCH · #505112443 ]
UnrankedMalay vs Mongols
Player's team · WIN
Rival team · LOSS
[ REPLAY ANALYSIS · EXTRACTED FROM THE RECORDED GAME ]
Feudal
12:14
Castle
25:10
Imperial
—
| APM avg | 43.2 |
| APM peak | 94 |
| eAPM avg | 23.2 |
| Villagers / military | 53 / 38 |
Focus
⚔️ 27.0% · 🌾 73.0%
Skirmisher ×18 · Militia ×14 · Archer ×4 · Karambit Warrior ×2 · Fishing Ship ×1
Feudal
13:34
Castle
18:00
Imperial
—
| APM avg | 33.1 |
| APM peak | 54 |
| eAPM avg | 18.5 |
| Villagers / military | 51 / 8 |
Focus
⚔️ 35.9% · 🌾 64.1%
Mangudai ×6 · Fishing Ship ×4 · Archer ×2
Match map
Initial resources + every placement click. Lines = walls · curves = elevation contours. ◆ gold · ⬟ stone · ● berries · ✦ relic · ◌ wall gap
Your base· ✓ Closed at 25:10 · 28t walls · 1 gate(s)
anmolmaly's base· ✓ Closed at 18:00 · 27t walls · no gate
Smoothed initial terrain · ◌ = detected wall gap · hover for details
Inputs per minute
— Omit the Wise - - anmolmaly
Build order — Omit the Wise
First 150 of 168 actions detected
| 0:00 | Queue | Villager (Male) |
| 0:00 | Queue | Villager (Male) |
| 0:01 | Queue | Villager (Male) |
| 0:01 | Queue | Villager (Male) |
| 0:02 | Build | House |
| 0:03 | Build | House |
| 0:28 | Research | Loom |
| 0:49 | Queue | Villager (Male) |
| 0:49 | Queue | Villager (Male) |
| 1:09 | Build | Palisade Wall |
| 1:33 | Build | Palisade Wall |
| 1:36 | Build | Palisade Wall |
| 2:11 | Queue | Villager (Male) |
| 2:11 | Queue | Villager (Male) |
| 2:16 | Build | Palisade Wall |
| 2:38 | Queue | Villager (Male) |
| 2:38 | Queue | Villager (Male) |
| 3:05 | Queue | Villager (Male) |
| 3:05 | Queue | Villager (Male) |
| 4:03 | Queue | Villager (Male) |
| 4:03 | Queue | Villager (Male) |
| 4:27 | Build | Palisade Wall |
| 4:33 | Build | Palisade Wall |
| 4:38 | Build | Palisade Wall |
| 4:39 | Build | Palisade Wall |
| 4:41 | Build | Palisade Wall |
| 4:53 | Build | Palisade Wall |
| 5:00 | Queue | Villager (Male) |
| 5:01 | Queue | Villager (Male) |
| 5:01 | Queue | Villager (Male) |
| 5:16 | Build | House |
| 5:23 | Build | Palisade Wall |
| 5:26 | Build | Palisade Wall |
| 5:28 | Build | Palisade Wall |
| 5:30 | Build | Palisade Wall |
| 5:35 | Queue | Villager (Male) |
| 5:35 | Queue | Villager (Male) |
| 5:40 | Queue | Villager (Male) |
| 6:12 | Build | Palisade Wall |
| 6:14 | Build | Palisade Wall |
| 6:16 | Build | Palisade Wall |
| 6:18 | Build | Palisade Wall |
| 6:21 | Queue | Villager (Male) |
| 6:55 | Build | House |
| 7:00 | Queue | Villager (Male) |
| 7:40 | Queue | Villager (Male) |
| 8:10 | Queue | Villager (Male) |
| 8:19 | Queue | Villager (Male) |
| 8:52 | Build | Dock |
| 8:57 | Build | Palisade Wall |
| 9:07 | Queue | Villager (Male) |
| 9:14 | Build | House |
| 9:23 | Queue | Villager (Male) |
| 9:48 | Build | Palisade Wall |
| 9:52 | Queue | Villager (Male) |
| 10:16 | Build | Lumber Camp |
| 10:20 | Build | Lumber Camp |
| 10:31 | Queue | Villager (Male) |
| 10:33 | Queue | Villager (Male) |
| 10:47 | Research | Feudal Age |
| 11:08 | Build | Mill |
| 12:05 | Build | Barracks |
| 12:07 | Queue | Villager (Male) |
| 12:14 | Age | Feudal Age |
| 12:28 | Queue | Militia |
| 12:30 | Research | Man-at-Arms (upgrade) |
| 12:42 | Queue | Fishing Ship |
| 12:50 | Build | Palisade Wall |
| 13:06 | Build | Mining Camp |
| 13:21 | Queue | Villager (Male) |
| 13:23 | Build | House |
| 13:44 | Build | Watch Tower |
| 13:54 | Queue | Villager (Male) |
| 13:54 | Queue | Villager (Male) |
| 13:58 | Queue | Militia |
| 13:58 | Queue | Militia |
| 14:24 | Queue | Militia |
| 14:24 | Queue | Militia |
| 14:24 | Queue | Villager (Male) |
| 14:27 | Build | Archery Range |
| 14:48 | Queue | Militia |
| 14:56 | Build | House |
| 15:03 | Queue | Villager (Male) |
| 15:20 | Build | Watch Tower |
| 15:29 | Queue | Militia |
| 15:30 | Queue | Militia |
| 15:41 | Build | Farm |
| 15:41 | Build | Farm |
| 15:49 | Queue | Militia |
| 15:49 | Queue | Militia |
| 16:20 | Build | Mining Camp |
| 16:26 | Queue | Archer |
| 16:27 | Queue | Archer |
| 16:32 | Queue | Villager (Male) |
| 16:42 | Build | House |
| 16:51 | Queue | Skirmisher |
| 17:06 | Queue | Skirmisher |
| 17:08 | Queue | Villager (Male) |
| 17:42 | Queue | Skirmisher |
| 17:51 | Queue | Villager (Male) |
| 17:51 | Queue | Villager (Male) |
| 17:59 | Queue | Villager (Male) |
| 18:06 | Build | Watch Tower |
| 18:09 | Queue | Skirmisher |
| 18:16 | Build | Farm |
| 18:16 | Build | Farm |
| 18:34 | Queue | Skirmisher |
| 18:34 | Queue | Skirmisher |
| 18:51 | Queue | Militia |
| 18:51 | Queue | Militia |
| 18:55 | Build | House |
| 19:22 | Queue | Villager (Male) |
| 19:28 | Queue | Skirmisher |
| 19:39 | Queue | Villager (Male) |
| 20:03 | Queue | Villager (Male) |
| 20:06 | Queue | Skirmisher |
| 20:15 | Build | Market |
| 20:16 | Queue | Villager (Male) |
| 20:31 | Queue | Archer |
| 20:46 | Build | Watch Tower |
| 20:49 | Queue | Villager (Male) |
| 21:01 | Build | House |
| 21:14 | Queue | Villager (Male) |
| 21:15 | Build | House |
| 21:23 | Build | Farm |
| 21:23 | Build | Farm |
| 21:29 | Queue | Archer |
| 21:32 | Queue | Militia |
| 21:32 | Queue | Militia |
| 21:35 | Build | House |
| 21:39 | Build | Palisade Gate |
| 22:07 | Queue | Villager (Male) |
| 22:07 | Queue | Villager (Male) |
| 22:38 | Build | Farm |
| 23:03 | Build | Mining Camp |
| 23:14 | Queue | Skirmisher |
| 23:31 | Build | Fish Trap |
| 23:34 | Research | Castle Age |
| 23:34 | Research | Castle Age |
| 23:39 | Queue | Skirmisher |
| 23:39 | Queue | Skirmisher |
| 24:03 | Build | Farm |
| 24:07 | Queue | Skirmisher |
| 24:19 | Build | Blacksmith |
| 24:28 | Queue | Skirmisher |
| 24:40 | Build | Farm |
| 24:50 | Queue | Skirmisher |
| 25:10 | Age | Castle Age |
| 25:20 | Queue | Villager (Male) |
| 25:21 | Queue | Villager (Male) |
Build order — anmolmaly
124 actions detected in the replay
| 0:01 | Queue | Villager (Male) ×4 |
| 0:03 | Build | House |
| 0:05 | Build | House |
| 0:34 | Build | Lumber Camp |
| 0:54 | Build | House |
| 1:42 | Queue | Villager (Male) |
| 2:21 | Queue | Villager (Male) |
| 2:49 | Queue | Villager (Male) |
| 2:50 | Queue | Villager (Male) |
| 3:13 | Build | House |
| 3:17 | Queue | Villager (Male) |
| 3:17 | Queue | Villager (Male) |
| 3:43 | Research | Loom |
| 4:05 | Queue | Villager (Male) |
| 4:08 | Queue | Villager (Male) |
| 4:48 | Queue | Villager (Male) |
| 5:02 | Build | House |
| 5:04 | Build | Palisade Wall |
| 5:18 | Queue | Villager (Male) |
| 5:42 | Build | Palisade Wall |
| 5:44 | Build | Palisade Wall |
| 5:45 | Build | Palisade Wall |
| 5:47 | Build | Palisade Wall |
| 5:48 | Build | Palisade Wall |
| 5:49 | Build | Palisade Wall |
| 5:50 | Build | Palisade Wall |
| 5:50 | Build | Palisade Wall |
| 5:55 | Queue | Villager (Male) |
| 6:03 | Build | Palisade Wall |
| 6:09 | Build | Palisade Wall |
| 6:21 | Queue | Villager (Male) |
| 6:24 | Build | House |
| 6:29 | Queue | Villager (Male) |
| 6:34 | Build | Palisade Wall |
| 6:45 | Build | Dock |
| 6:49 | Queue | Villager (Male) |
| 6:52 | Build | Palisade Wall |
| 6:54 | Build | Palisade Wall |
| 6:57 | Build | Palisade Wall |
| 6:57 | Build | Palisade Wall |
| 6:58 | Build | Palisade Wall |
| 7:25 | Build | Palisade Wall |
| 7:26 | Build | Palisade Wall |
| 7:27 | Build | Palisade Wall |
| 7:57 | Queue | Fishing Ship |
| 8:06 | Queue | Villager (Male) |
| 8:20 | Build | House |
| 8:28 | Queue | Villager (Male) |
| 9:03 | Build | Palisade Wall |
| 9:19 | Queue | Villager (Male) |
| 9:37 | Queue | Fishing Ship |
| 9:40 | Build | Mill |
| 9:40 | Queue | Villager (Male) |
| 10:07 | Queue | Villager (Male) |
| 10:12 | Queue | Fishing Ship |
| 10:25 | Queue | Villager (Male) |
| 10:43 | Queue | Fishing Ship |
| 10:59 | Queue | Villager (Male) |
| 11:04 | Queue | Villager (Male) |
| 11:24 | Research | Feudal Age |
| 11:28 | Build | Mining Camp |
| 12:45 | Queue | Villager (Male) |
| 13:01 | Build | House |
| 13:06 | Build | House |
| 13:15 | Build | Palisade Wall |
| 13:20 | Build | Barracks |
| 13:21 | Queue | Villager (Male) |
| 13:32 | Build | House |
| 13:34 | Age | Feudal Age |
| 13:40 | Build | Palisade Wall |
| 13:45 | Queue | Villager (Male) |
| 13:55 | Build | Blacksmith |
| 13:59 | Build | Mining Camp |
| 14:08 | Build | Archery Range |
| 14:48 | Research | Fletching |
| 14:54 | Queue | Villager (Male) |
| 14:55 | Queue | Archer |
| 15:20 | Research | Castle Age |
| 15:50 | Queue | Archer |
| 16:34 | Build | Lumber Camp |
| 18:00 | Age | Castle Age |
| 18:02 | Queue | Villager (Male) |
| 18:04 | Queue | Villager (Male) |
| 18:20 | Queue | Villager (Male) |
| 18:28 | Build | Town Center |
| 19:36 | Build | Farm |
| 19:38 | Build | Farm |
| 19:41 | Build | Farm |
| 19:44 | Build | Farm |
| 19:48 | Build | Farm |
| 19:50 | Build | Farm |
| 20:10 | Build | Farm |
| 20:23 | Queue | Villager (Male) |
| 20:47 | Queue | Villager (Male) |
| 20:50 | Build | Market |
| 21:29 | Build | Castle |
| 21:30 | Queue | Villager (Male) |
| 21:59 | Build | Farm |
| 22:00 | Build | Farm |
| 23:10 | Queue | Villager (Male) |
| 23:33 | Queue | Mangudai |
| 23:33 | Queue | Mangudai |
| 23:34 | Queue | Villager (Male) |
| 23:48 | Queue | Villager (Male) |
| 24:16 | Build | Lumber Camp |
| 24:17 | Queue | Villager (Male) |
| 24:30 | Queue | Villager (Male) |
| 24:41 | Queue | Mangudai |
| 24:51 | Queue | Villager (Male) |
| 25:04 | Queue | Villager (Male) |
| 25:25 | Queue | Villager (Male) |
| 25:36 | Queue | Mangudai |
| 25:42 | Queue | Villager (Male) |
| 25:45 | Queue | Mangudai |
| 25:58 | Queue | Villager (Male) |
| 26:20 | Build | Town Center |
| 26:22 | Queue | Villager (Male) |
| 26:32 | Build | Farm |
| 26:33 | Queue | Villager (Male) |
| 26:44 | Queue | Mangudai |
| 27:56 | Build | Mining Camp |
| 27:59 | Queue | Villager (Male) |
| 28:08 | Queue | Villager (Male) |
| 28:08 | Queue | Villager (Male) |
Match timeline
| 1:09 | Omit the Wise · wall_segment Palisade Wall x6 |
| 1:33 | Omit the Wise · wall_segment Palisade Wall x4 |
| 1:36 | Omit the Wise · wall_segment Palisade Wall x3 |
| 2:16 | Omit the Wise · wall_segment Palisade Wall x1 |
| 4:27 | Omit the Wise · wall_segment Palisade Wall x1 |
| 4:33 | Omit the Wise · wall_segment Palisade Wall x1 |
| 4:38 | Omit the Wise · wall_segment Palisade Wall x1 |
| 4:39 | Omit the Wise · wall_segment Palisade Wall x1 |
| 4:41 | Omit the Wise · wall_segment Palisade Wall x1 |
| 4:53 | Omit the Wise · wall_segment Palisade Wall x1 |
| 5:04 | anmolmaly · wall_segment Palisade Wall x1 |
| 5:23 | Omit the Wise · wall_segment Palisade Wall x1 |
| 5:26 | Omit the Wise · wall_segment Palisade Wall x1 |
| 5:28 | Omit the Wise · wall_segment Palisade Wall x1 |
| 5:30 | Omit the Wise · wall_segment Palisade Wall x1 |
| 5:42 | anmolmaly · wall_segment Palisade Wall x1 |
| 5:44 | anmolmaly · wall_segment Palisade Wall x1 |
| 5:45 | anmolmaly · wall_segment Palisade Wall x1 |
| 5:47 | anmolmaly · wall_segment Palisade Wall x1 |
| 5:48 | anmolmaly · wall_segment Palisade Wall x1 |
| 5:49 | anmolmaly · wall_segment Palisade Wall x1 |
| 5:50 | anmolmaly · wall_segment Palisade Wall x1 |
| 5:50 | anmolmaly · wall_segment Palisade Wall x1 |
| 6:03 | anmolmaly · wall_segment Palisade Wall x1 |
| 6:09 | anmolmaly · wall_segment Palisade Wall x7 |
| 6:12 | Omit the Wise · wall_segment Palisade Wall x1 |
| 6:14 | Omit the Wise · wall_segment Palisade Wall x1 |
| 6:16 | Omit the Wise · wall_segment Palisade Wall x1 |
| 6:18 | Omit the Wise · wall_segment Palisade Wall x1 |
| 6:34 | anmolmaly · wall_segment Palisade Wall x1 |
| 6:45 | anmolmaly · first_building Dock |
| 6:52 | anmolmaly · wall_segment Palisade Wall x1 |
| 6:54 | anmolmaly · wall_segment Palisade Wall x1 |
| 6:57 | anmolmaly · wall_segment Palisade Wall x1 |
| 6:57 | anmolmaly · wall_segment Palisade Wall x1 |
| 6:58 | anmolmaly · wall_segment Palisade Wall x1 |
| 7:25 | anmolmaly · wall_segment Palisade Wall x1 |
| 7:26 | anmolmaly · wall_segment Palisade Wall x1 |
| 7:27 | anmolmaly · wall_segment Palisade Wall x1 |
| 8:52 | Omit the Wise · first_building Dock |
| 8:57 | Omit the Wise · wall_segment Palisade Wall x1 |
| 9:03 | anmolmaly · wall_segment Palisade Wall x1 |
| 9:48 | Omit the Wise · wall_segment Palisade Wall x1 |
| 12:05 | Omit the Wise · first_building Barracks |
| 12:14 | Omit the Wise · age_up feudal |
| 12:50 | Omit the Wise · wall_segment Palisade Wall x1 |
| 13:15 | anmolmaly · wall_segment Palisade Wall x1 |
| 13:20 | anmolmaly · first_building Barracks |
| 13:34 | anmolmaly · age_up feudal |
| 13:40 | anmolmaly · wall_segment Palisade Wall x1 |
| 14:08 | anmolmaly · first_building Archery Range |
| 14:27 | Omit the Wise · first_building Archery Range |
| 18:00 | anmolmaly · age_up castle |
| 21:25 | anmolmaly · first_market_sell 100 wood |
| 21:26 | anmolmaly · first_market_buy 100 stone |
| 21:29 | anmolmaly · first_building Castle |
| 22:41 | Omit the Wise · first_market_buy 100 food |
| 22:43 | Omit the Wise · first_market_sell 100 wood |
| 25:10 | Omit the Wise · age_up castle |
| 25:48 | Omit the Wise · first_building Castle |
| 27:55 | Omit the Wise · first_building Siege Workshop |
| 28:11 | anmolmaly · resign |
[ AI ANALYSIS · 1 CREDIT ]
What really happened in this match?
Wolo.gg analyzes every decision: build order, eco, micro, common mistakes by bracket. Personalized analysis on WhatsApp or Discord in 30 seconds.
Civ guide
Malay
Perfil
Jugador #15935362